AoeStats
← DDARTHP

Arabia

508581265Analyzed
4v4 RM · 9d ago on Sep 23, 2026· 39m 42s· 8 players
Game mode
Random Map
Map size
Large (8 player)
Population
200
Speed
Normal
Resources
Standard
Victory
Conquest
Starting age
Dark Age
Ending age
Imperial Age
RankedLock teamsTeams togetherTeam positionsShared explorationLock speedFull tech treeHidden civsTurbo modeCheats
Victory
Defeat
🇲🇽 Britons · Mexico
1234
+10
🇳🇿 Ethiopians · New Zealand
1204
+11
🇺🇸 Bohemians · United States
1164
+13
🇨🇴 Spanish · Colombia
1125
+13
🇦🇷 Khmer · Argentina
1129
-13
🇦🇷 Bohemians · Argentina
1121
-13
🇦🇷 Japanese · Argentina
1104
-12
🇦🇷 Franks · Argentina
1024
-9
PeppyIsland31
0:27 Loom
11:49 Feudal Age
13:25 Loom
16:35 Castle Age
14:45 Double-Bit Axe
15:35 Horse Collar
18:03 Bow Saw
20:19 Heavy Plow
24:20 Scale Mail Armor
24:32 Pikeman
37:01 Squires
36:46 Arson
40:40 Imperial Age
38:55 Chain Mail Armor
Lord Elendil
8:59 Feudal Age
10:40 Loom
12:19 Double-Bit Axe
15:48 Fletching
20:38 Wheelbarrow
24:08 Castle Age
24:12 Crossbowman
24:50 Bodkin Arrow
26:22 Padded Archer Armor
27:45 Ballistics
36:05 Gold Mining
40:06 Imperial Age
rukas
9:54 Feudal Age
11:45 Double-Bit Axe
16:05 Fletching
19:32 Padded Archer Armor
24:50 Castle Age
25:18 Crossbowman
25:54 Bodkin Arrow
27:36 Bow Saw
27:50 Ballistics
33:27 Leather Archer Armor
35:05 Thumb Ring
DDARTHP
12:05 Feudal Age
14:31 Double-Bit Axe
15:38 Bloodlines
22:00 Castle Age
19:49 Loom
22:05 Castle Age
22:49 Horse Collar
26:30 Scale Barding Armor
26:47 Husbandry
30:37 Forging
32:50 Iron Casting
35:34 Gold Mining
40:02 Wheelbarrow
39:13 Town Watch
Dantito
2:37 Loom
11:32 Feudal Age
9:48 Loom
16:06 Scale Mail Armor
18:29 Forging
23:25 Castle Age
27:04 Double-Bit Axe
28:25 Wagenburg Tactics
28:43 Bow Saw
36:14 Fletching
36:25 Padded Archer Armor
36:10 Elite Skirmisher
Kikelot
8:59 Loom
11:26 Feudal Age
12:32 Double-Bit Axe
12:29 Horse Collar
12:42 Gold Mining
19:11 Padded Archer Armor
21:27 Wheelbarrow
20:55 Fletching
25:28 Castle Age
24:36 Horse Collar
25:29 Crossbowman
27:34 Bodkin Arrow
mariano34355
10:21 Feudal Age
11:32 Double-Bit Axe
13:40 Gold Mining
20:40 Castle Age
20:59 Forging
21:32 Scale Barding Armor
36:25 Scale Mail Armor
37:01 Iron Casting
[PPP] BlackPanter
7:00 Loom
9:32 Feudal Age
10:07 Double-Bit Axe
10:09 Horse Collar
17:24 Fletching
17:35 Padded Archer Armor
19:04 Bloodlines
19:12 Scale Barding Armor
33:11 Castle Age
33:22 Crossbowman
34:14 Bodkin Arrow
34:34 Leather Archer Armor
37:21 Ballistics
Connection lost

Rejoining the realm…

Still unreachable

The connection could not be restored.

Session expired

The server has moved on; the page needs a fresh start.